 Dungeon Crawl Stone Soup version 0.29-a0-717-g6dac4ea423 (webtiles) character file.

Game seed: 2299052208451384622

18141 gruber the Tainter (level 12, -1/77 HPs)
             Began as a Gargoyle Venom Mage on June 26, 2022.
             Was a Believer of Vehumet.
             Slain by a cane toad (8 damage)
             ... on level 1 of the Lair of Beasts.
             The game lasted 00:17:58 (15745 turns).

gruber the Tainter (Gargoyle Venom Mage)           Turns: 15745, Time: 00:17:58

Health: -1/77      AC: 18    Str: 21    XL:     12   Next: 55%
Magic:  4/21       EV: 11    Int: 21    God:    Vehumet [**....]
Gold:   623        SH:  0    Dex: 10    Spells: 13/23 levels left

rFire   + . .      SeeInvis .   v - +2 whip (elec)
rCold   . . .      Faith    .   e - orb {light}
rNeg    + . .      Spirit   .   U - +1 robe "Zosched" {rF+ rCorr Str+3 Stlth+}
rPois   ∞          Reflect  .   f - +2 hat
rElec   +          Harm     .   x - +0 cloak
rCorr   +          Rampage  .   D - +0 pair of gloves
Will    .....                   N - +0 pair of boots
Stlth   +.........              (no amulet)
HPRegen 0.22/turn               i - +6 ring of strength
MPRegen 0.17/turn               a - ring of wizardry

@: glowing
A: sickness immunity, AC +8, negative energy resistance 1, electricity
resistance, torment resistance 1, petrification resistance
a: Renounce Religion


You were on level 1 of the Lair of Beasts.
You worshipped Vehumet.
Vehumet was pleased with you.
You visited 3 branches of the dungeon, and saw 13 of its levels.
You also visited: Ossuary.

You collected 623 gold pieces.

Inventory:

Hand Weapons
 q - a +0 spear
 v - a +2 whip of electrocution (weapon)
Missiles
 p - a throwing net
Armour
 e - an orb of light (worn)
 f - a +2 hat (worn)
 x - a +0 cloak (worn)
 B - the +7 leather armour of Polytheism {rC- rN+ Regen+}
   (You found it on level 5 of the Dungeon)

   rC:        It makes you vulnerable to cold.
   rN:        It protects you from negative energy.
   Regen:     It increases your rate of health regeneration.
 D - a +0 pair of gloves (worn)
 N - a +0 pair of boots (worn)
 U - the +1 robe "Zosched" (worn) {rF+ rCorr Str+3 Stlth+}
   (You found it on level 11 of the Dungeon)

   Str:       It affects your strength (+3).
   rF:        It protects you from fire.
   rCorr:     It protects you from acid and corrosion.
   Stlth:     It makes you more stealthy.
Jewellery
 a - a ring of wizardry (right hand)
 i - a +6 ring of strength (left hand)
 o - a ring of flight
Wands
 u - a wand of paralysis (24)
 A - a wand of polymorph (27)
 H - a wand of quicksilver (11)
 O - a wand of digging (7)
 R - a wand of flame (15)
 T - a wand of iceblast (4)
Scrolls
 c - 4 scrolls of vulnerability {unknown}
 h - 8 scrolls of identify {unknown}
 j - 8 scrolls of teleportation {unknown}
 l - a scroll of noise {unknown}
 m - 2 scrolls of enchant armour {unknown}
 s - 3 scrolls of blinking {unknown}
 t - 5 scrolls of enchant weapon {unknown}
 y - 2 scrolls of immolation {unknown}
 C - 2 scrolls of torment {unknown}
 G - a scroll of silence {unknown}
 I - 2 scrolls of poison {unknown}
 K - 2 scrolls of fog {unknown}
 Q - 2 scrolls of fear {unknown}
Potions
 b - 3 potions of magic
 d - 3 potions of brilliance {unknown}
 g - 4 potions of attraction {unknown}
 k - 3 potions of flight {unknown}
 n - 4 potions of degeneration {unknown}
 r - 3 potions of invisibility {unknown}
 w - a potion of cancellation {unknown}
 z - a potion of might {unknown}
 F - a potion of heal wounds {unknown}
 J - 5 potions of curing
 L - a potion of mutation {unknown}
 M - 2 potions of resistance {unknown}
 P - 3 potions of haste {unknown}
 S - a potion of lignification {unknown}


   Skills:
 * Level 9.7 Fighting
 - Level 6.3 Maces & Flails
 - Level 7.0 Armour
 - Level 1.5 Dodging
 - Level 2.1 Stealth
 - Level 6.1 Spellcasting
 - Level 10.4 Conjurations
 - Level 0.7 Transmutations
 - Level 11.6 Poison Magic


You had 13 spell levels left.
You knew the following spells:

 Your Spells              Type           Power      Damage    Failure   Level
a - Sting                 Tmut/Pois      100%       1d8       1%          1
b - Mephitic Cloud        Conj/Pois/Air  37%        N/A       1%          3
c - Olgreb's Toxic Radia  Pois           53%        N/A       1%          4
d - Searing Ray           Conj           100%       2d8       1%          2

Your spell library contained the following spells:

 Spells                   Type           Power      Damage    Failure   Level
 Poisonous Vapours        Pois/Air       60%        N/A       1%          2
 Spider Form              Tmut/Pois      32%        N/A       1%          3
 Beastly Appendage        Tmut           18%        N/A       2%          1
 Summon Small Mammal      Summ           24%        N/A       4%          1
 Wereblood                Tmut           9%         N/A       4%          2
 Flame Wave               Conj/Fire      28%        2d8       4%          4
 Passwall                 Tmut/Erth      6%         N/A       5%          2
 Ensorcelled Hibernation  Hex/Ice        12%        N/A       6%          2
 Scorch                   Fire           12%        2d5       6%          2
 Corpse Rot               Necr/Pois/Air  22%        N/A       9%          4
 Call Canine Familiar     Summ           6%         N/A       12%         3
 Summon Guardian Golem    Hex/Summ       6%         N/A       12%         3
 Swiftness                Air            6%         N/A       12%         3
 Dispel Undead            Necr           6%         3d8       34%         4
 Eringya's Noxious Bog    Tmut/Pois      16%        N/A       41%         6
 Summon Forest            Summ/Tloc      3%         N/A       69%         5
 Death Channel            Necr           3%         N/A       99%         6
 Dispersal                Tloc           3%         N/A       99%         6
 Summon Cactus Giant      Summ           3%         N/A       99%         6
 Summon Hydra             Summ           3%         N/A       100%        7
 Disjunction              Tloc           3%         N/A       100%        8


Dungeon Overview and Level Annotations

Branches:
Dungeon (11/15)            Temple (1/1) D:7            Lair (1/6) D:10
    Orc (0/2) D:10        Ossuary (visited)

Altars:
Cheibriados
Nemelex Xobeh
Okawaru
Uskayaw
Vehumet

Shops:
D:1 =   D:2 *   D:10 ?*=

Annotations:
D:9 Amaemon


Innate Abilities, Weirdness & Mutations

You are immune to sickness and miasma.
Your stone body is resilient. (AC +8)
You are immune to poison.
You resist negative energy. (rN+)
You are resistant to electric shocks. (rElec)
You are resistant to unholy torment.
You are immune to petrification.


Message History

The komodo dragon completely misses you.
The searing ray hits the cane toad but does no damage.
The cane toad is heavily wounded.
The cane toad barely misses you. The komodo dragon bites you.
The searing ray hits the cane toad.
The cane toad is severely wounded.
You finish channelling your searing ray.
The cane toad stings you.
The komodo dragon bites you but does no damage.
The cane toad barely misses you.
Casting: Searing Ray (safe; 1% risk of failure)
Confirm with . or Enter, or press ? or * to list all spells.
Aiming: Searing Ray (safe; 1% risk of failure)
Press: ? - help, Shift-Dir - straight line, f/p - cane toad
Aim: a cane toad (severely wounded, haloed, 88% to hit)
The searing ray hits the cane toad.
The cane toad is severely wounded. (Press . to maintain the ray.)
The komodo dragon bites you!!
* * * LOW HITPOINT WARNING * * *
The cane toad closely misses you.
Unknown command.
The searing ray hits the cane toad.
The cane toad is almost dead.
The cane toad stings you.
* * * LOW HITPOINT WARNING * * *
The komodo dragon bites you!
* * * LOW HITPOINT WARNING * * *
The cane toad attacks as you move away!
The cane toad stings you but does no damage.
The cane toad attacks as you move away! The cane toad stings you.
* * * LOW HITPOINT WARNING * * *
Okay, then.
Aiming: Iceblast
Press: ? - help, Shift-Dir - straight line, p - cane toad The mass of ice explodes!
The iceblast engulfs the komodo dragon but does no damage.
The komodo dragon is almost dead.
The cane toad stings you!
You die...

## #....## ##....## #
#....## #.....# # #.....#
#....## # #....## ##....# ##
#....# #.....# P# #....##
##....# ## #.....# #....## #
#....## ##.....# ....# #
#....## #....@## ...l# #
##.....# #...lF# ....#
###.....## ##....# ....#
.###....# #....# ....#
####....# ##....# ....#
###P....####.....#####....#
.......†..................#
....†.....................#
............>..............#


You could see a komodo dragon (poisoned) and a cane toad.

Vanquished Creatures
  An ogre mage (D:10)
  7 two-headed ogres (D:10)
  Pikel (D:4)
  A manticore (D:11)
  A cyclops (D:11)
  Joseph (D:8)
  Maggie (D:8)
  2 komodo dragons
  2 trolls
  Prince Ribbit (D:7)
  5 blink frogs (Lair:1)
  3 wraiths (D:11)
  A shadow (D:10)
  Eustachio (D:6)
  25 yaks
  A basilisk (Lair:1)
  A steam dragon (D:10)
  4 vampire mosquitoes (D:11)
  Edmund (D:4)
  5 water moccasins
  Duvessa (D:6)
  An ice beast (D:7)
  2 sky beasts (D:7)
  A black bear (D:10)
  4 orc warriors
  3 ogres
  A phantom (D:5)
  4 lemures
  A necrophage (D:5)
  2 kobold brigands
  2 scorpions (D:5)
  4 water moccasin zombies (Ossuary)
  9 bullfrogs
  5 wights (D:7)
  Dowan (D:6)
  3 killer bees (D:9)
  2 howler monkeys (D:7)
  6 hounds
  2 jellies
  5 orc priests
  Crazy Yiuf (D:4)
  A gnoll shaman (D:8)
  2 iguanas
  9 orc wizards
  2 mummies (Ossuary)
  4 adders
  20 gnolls
  2 shadow imps (D:8)
  2 white imps
  6 adder zombies (Ossuary)
  A worm (D:2)
  A dart slug (D:4)
  28 orcs
  9 endoplasms
  9 giant cockroaches
  A gnoll zombie (Ossuary)
  15 goblins
  2 hobgoblins
  16 kobolds
  3 quokkas
  9 ball pythons
  3 bats (D:1)
  A frilled lizard (D:3)
  5 hobgoblin zombies (Ossuary)
  2 kobold zombies (Ossuary)
  5 orc zombies (Ossuary)
  10 rats
293 creatures vanquished.

Vanquished Creatures (others)
  An orc (D:8)
  51 fungi
  40 plants (D:10)
92 creatures vanquished.

Grand Total: 385 creatures vanquished

Notes
Turn   | Place    | Note
-------+----------+-------------------------------------------
     0 | D:1      | gruber the Gargoyle Venom Mage began the quest for the Orb.
     0 | D:1      | Reached XP level 1. HP: 10/10 MP: 3/3
   218 | D:1      | Reached XP level 2. HP: 15/15 MP: 1/5
   611 | D:1      | Found Rirphe Ynie's Jewellery Emporium.
   695 | D:1      | Reached skill level 4 in Poison Magic
   857 | D:1      | Reached XP level 3. HP: 19/19 MP: 0/6
  1432 | D:2      | Learned a level 3 spell: Mephitic Cloud
  1507 | D:2      | Found Zygion's General Store.
  1562 | D:2      | Found a faded altar of an unknown god.
  2579 | D:3      | Reached XP level 4. HP: 20/24 MP: 0/7
  2924 | D:3      | Reached skill level 5 in Poison Magic
  3364 | D:3      | Reached XP level 5. HP: 21/28 MP: 3/8
  4468 | D:4      | Reached XP level 6. HP: 28/32 MP: 4/11
  4997 | D:4      | Learned a level 4 spell: Olgreb's Toxic Radiance
  5005 | D:4      | Found a runed translucent door.
  5006 | D:4      | Noticed Crazy Yiuf
  5015 | D:4      | Noticed Edmund
  5029 | D:4      | Killed Edmund
  5030 | D:4      | Reached skill level 6 in Poison Magic
  5335 | D:4      | Noticed Pikel
  5349 | D:4      | Killed Pikel
  5350 | D:4      | Reached skill level 8 in Poison Magic
  5350 | D:4      | Reached XP level 7. HP: 36/36 MP: 0/13
  5632 | D:4      | Reached XP level 8. HP: 41/41 MP: 10/14
  5755 | D:4      | Killed Crazy Yiuf
  5756 | D:4      | Reached skill level 1 in Maces & Flails
  5835 | D:5      | Entered Level 5 of the Dungeon
  6573 | D:5      | Identified the +7 leather armour of Polytheism {rC- rN+
                  | Regen+}
  6590 | D:5      | Reached skill level 5 in Maces & Flails
  6656 | D:5      | Found a snail-covered altar of Cheibriados.
  6656 | D:5      | Found a sparkling altar of Nemelex Xobeh.
  7303 | D:6      | Reached skill level 1 in Fighting
  7388 | D:6      | Reached XP level 9. HP: 48/49 MP: 3/15
  7489 | D:6      | Noticed Duvessa
  7491 | D:6      | Noticed Dowan
  7501 | D:6      | Killed Duvessa
  7502 | D:6      | Killed Dowan
  7996 | D:6      | Noticed Eustachio
  8010 | D:6      | Killed Eustachio
  8372 | D:7      | Noticed Prince Ribbit
  8379 | D:7      | Killed Prince Ribbit
  8612 | D:7      | Reached skill level 5 in Armour
  8854 | D:7      | Found a staircase to the Ecumenical Temple.
  9032 | D:7      | Found a sand-covered staircase.
  9036 | Ossuary  | Entered an ossuary
  9280 | Ossuary  | Reached XP level 10. HP: 46/58 MP: 16/16
  9499 | D:7      | Reached skill level 9 in Poison Magic
 10223 | Temple   | Entered the Ecumenical Temple
 10271 | Temple   | Became a worshipper of Vehumet
 10653 | D:8      | Identified the +0 leather armour "Qoliet" {Dex+4}
 10835 | D:8      | Reached skill level 10 in Poison Magic
 11025 | D:8      | Noticed Maggie
 11049 | D:8      | Killed Maggie
 11050 | D:8      | Reached skill level 11 in Poison Magic
 11253 | D:8      | Noticed Joseph
 11269 | D:8      | Killed Joseph
 11510 | D:9      | Noticed an orange demon
 11511 | D:9      | Noticed Amaemon
 11690 | D:9      | Reached * piety under Vehumet
 11690 | D:9      | Offered knowledge of Freeze by Vehumet.
 11809 | D:9      | Reached skill level 5 in Spellcasting
 11814 | D:9      | Reached XP level 11. HP: 62/62 MP: 5/20
 11933 | D:10     | Entered Level 10 of the Dungeon
 11948 | D:10     | Reached skill level 1 in Conjurations
 12119 | D:10     | Found a staircase to the Orcish Mines.
 12139 | D:10     | Found Poodoih's General Store.
 12218 | D:10     | Found Qisaimae's Jewellery Boutique.
 12280 | D:10     | Reached skill level 5 in Conjurations
 12564 | D:10     | Found a staircase to the Lair.
 12603 | D:10     | Found Goleax's Magic Scroll Shoppe.
 12660 | D:10     | Noticed a two-headed ogre
 12688 | D:10     | Killed a two-headed ogre
 12873 | D:10     | Noticed a two-headed ogre
 12873 | D:10     | Noticed a two-headed ogre
 12873 | D:10     | Noticed a two-headed ogre
 12873 | D:10     | Noticed a two-headed ogre
 12876 | D:10     | Noticed a two-headed ogre
 12888 | D:10     | Killed a two-headed ogre
 12891 | D:10     | Killed a two-headed ogre
 12908 | D:10     | Killed a two-headed ogre
 12908 | D:10     | Offered knowledge of Searing Ray by Vehumet.
 12939 | D:10     | Killed a two-headed ogre
 12940 | D:10     | Killed a two-headed ogre
 13071 | D:10     | Reached ** piety under Vehumet
 13072 | D:10     | Reached skill level 10 in Conjurations
 13080 | D:10     | Learned a level 2 spell: Searing Ray
 13258 | D:10     | Noticed an ogre mage
 13258 | D:10     | Noticed a two-headed ogre
 13259 | D:10     | Paralysed by something for 2 turns
 13271 | D:10     | Reached skill level 5 in Fighting
 13271 | D:10     | Reached XP level 12. HP: 68/68 MP: 9/21
 13274 | D:10     | Killed a two-headed ogre
 13275 | D:10     | Killed an ogre mage
 13944 | D:11     | Found a radiant altar of Vehumet.
 14188 | D:11     | Identified the +1 robe "Zosched" {rF+ rCorr Str+3 Stlth+}
 15024 | Lair:1   | Entered Level 1 of the Lair of Beasts
 15745 | Lair:1   | Slain by a cane toad

Illustrated notes

Levels and vault maps discovered:
D:1:      lemuel_arrival_rhombus, layout_basic, serial_shops,
          nicolae_shop_statue_plus
D:2:      layout_loops_ring, serial_shops, shop,
          hellmonk_ecumenical_altar_zigzags, minmay_misc_feat_four_crosses,
          kennysheep_generic_room_10
D:3:      layout_basic, nicolae_elevator_lobby_asterisk
D:4:      layout_gridville, grunt_decor_junction, grunt_decor_resistance,
          uniq_edmund, uniq_pikel, uniq_crazy_yiuf_cottage
D:5:      layout_loops_ring, gammafunk_temple_overflow_pools,
          dreamdust_gnoll_farm
D:6:      layout_basic, uniq_eustachio, uniq_duvessa
D:7:      layout_basic, minmay_temple_entry_drinking_statues,
          nicolae_ossuary_entry_plus, uniq_prince_ribbit1
D:8:      layout_basic, uniq_maggie, uniq_joseph
D:9:      layout_gridville, uniq_amaemon, uniq_gastronok
D:10:     layout_basic, due_lair_maze_entry_diamond, serial_shops, shop,
          nicolae_shop_window_shopping, nicolae_shop_waterfront,
          kennysheep_small_spiral
D:11:     layout_roguey, st_stairs_9, fiery_altar_vehumet
Temple:   mainiacjoe_temple_cubbyholes
Lair:1:   layout_long_grid

Skill      XL: |  1  2  3  4  5  6  7  8  9 10 11 12 |
---------------+-------------------------------------+-----
Poison Magic   | 4 5 8 11 | 11.6
Spellcasting   | 3 4 6 |  6.1
Maces & Flails | 6 |  6.3
Fighting       | 2 4 5 9 |  9.7
Armour         | 7 |  7.0
Conjurations   | 10 | 10.4
Dodging        | |  1.5
Stealth        | |  2.1
Transmutations | |  0.7

Action                   |  1- 3 |  4- 6 |  7- 9 | 10-12 || total
-------------------------+-------+-------+-------+-------++-------
Melee: Unarmed           |    30 |     7 |       |       ||    37
       Punch             |     1 |       |       |       ||     1
       Spear             |       |     5 |       |       ||     5
       Whip              |       |       |   191 |   246 ||   437
 Cast: Sting             |    89 |   127 |    47 |     3 ||   266
       Olgreb's Toxic Ra |       |     5 |    33 |    70 ||   108
       Mephitic Cloud    |       |       |       |     7 ||     7
       Searing Ray       |       |       |       |    15 ||    15
Evoke: Wand              |       |       |       |     2 ||     2
 Stab: Paralysed         |       |       |       |    13 ||    13
       Confused          |       |       |       |     1 ||     1
Armor: Robe              |    18 |    33 |    24 |    38 ||   113
       Leather armour    |       |       |    89 |    92 ||   181
Dodge: Dodged            |    38 |    53 |   113 |   120 ||   324

Table legend: (Time is in decaauts)
 A = Elapsed time spent in this place.
 B = Non-inter-level travel time spent in this place.
 C = Inter-level travel time spent in this place.
 D = Time resting spent in this place.
 E = Time spent auto-exploring this place.
 F = Levels seen in this place.
 G = Mean time per level.
                   A        B        C        D        E       F      G
               +--------+--------+--------+--------+--------+-----+--------+
         Total |  15677 |  15016 |    661 |    127 |  12768 |  14 | 1119.8 |
       Dungeon |  14539 |  13897 |    642 |    127 |  11833 |  11 | 1321.7 |
        Temple |     66 |     48 |     18 |      0 |     37 |   1 |   66.0 |
          Lair |    716 |    716 |      0 |      0 |    632 |   1 |  716.0 |
       Ossuary |    354 |    354 |      0 |      0 |    266 |   1 |  354.0 |
               +--------+--------+--------+--------+--------+-----+--------+

Top non-repeatable levels by time:
     D:3: 1891 daAuts
    D:10: 1731 daAuts
     D:7: 1472 daAuts
     D:5: 1457 daAuts
     D:1: 1427 daAuts
     D:4: 1355 daAuts
    D:11: 1348 daAuts
     D:8: 1302 daAuts
     D:2: 1172 daAuts
     D:6: 1067 daAuts
  Lair:1: 716 daAuts
 Ossuary: 354 daAuts
     D:9: 314 daAuts
  Temple: 66 daAuts
